 Dungeon Crawl Stone Soup version 0.25-a0-713-g4845790 (webtiles) character file.

Game seed: 10449261449074950539, levelgen mode: deterministic

1423 BlueFish the Merchant of Misery (level 8, -3/60 HPs)
             Began as a Mummy Necromancer on Apr 5, 2020.
             Was a Believer of Kikubaaqudgha.
             Slain by a shadow imp (5 damage)
             ... on level 6 of the Dungeon.
             The game lasted 00:27:11 (7246 turns).

BlueFish the Merchant of Misery (Mummy Necromancer) Turns: 7246, Time: 00:27:11

Health: -3/60      AC:  3    Str:  6    XL:     8   Next: 44%
Magic:  17/17      EV:  2    Int: 17    God:    Kikubaaqudgha [**....]
Gold:   413        SH:  0    Dex: -3 (13) Spells: 3/19 levels left

rFire    . . .     SeeInvis .   e - +1 dagger of Qeikh {freeze, rElec rF+ rN+ Str-5 Dex+4} (curse)
rCold    + . .     Gourm    .   (no shield)
rNeg     + + +     Faith    .   m - +0 robe of the Poles {*Contam +Fly Regen+ Dex-3} (curse)
rPois    ∞         Spirit   .   (no helmet)
rElec    +         Reflect  .   (no cloak)
rCorr    .         Harm     .   (no gloves)
MR       +....                  h - +0 pair of boots
Stlth    ..........             (no amulet)
HPRegen  0.60/turn              (no ring)
MPRegen  0.15/turn              (no ring)

@: slowed, lost dexterity, very slow
A: no food or potions, fire vulnerability, cold resistance 1, negative energy
resistance 3, torment resistance, unbreathing
a: Receive Corpses, Renounce Religion, Evoke Flight


You were on level 6 of the Dungeon.
You worshipped Kikubaaqudgha.
Kikubaaqudgha was pleased with you.
You were not hungry.

You visited 1 branch of the dungeon, and saw 7 of its levels.
You also visited: Sewer.

You collected 413 gold pieces.

Inventory:

Hand Weapons
 c - a +0 club
 d - a +0 whip
 e - the cursed +1 dagger of Qeikh (weapon) {freeze, rElec rF+ rN+ Str-5 Dex+4}
   (You found it on level 5 of the Dungeon)

   It has been specially enchanted to freeze those struck by it, causing extra
   injury to most foes and up to half again as much damage against particularly
   susceptible opponents.
   It can also slow down cold-blooded creatures.
   It affects your strength (-5).
   It affects your dexterity (+4).
   It protects you from fire.
   It insulates you from electricity.
   It protects you from negative energy.
   It has a curse placed upon it.
 l - a +2 flail of holy wrath
Armour
 f - a +0 ring mail
 h - a +0 pair of boots (worn)
 m - the cursed +0 robe of the Poles (worn) {*Contam +Fly Regen+ Dex-3}
   (You found it on level 5 of the Dungeon)

   It affects your dexterity (-3).
   It lets you fly.
   It causes magical contamination when unequipped.
   It increases your rate of regeneration.
   It has a curse placed upon it.
 v - a +0 scale mail
Wands
 a - a wand of iceblast (10)
 n - a wand of enslavement (6)
 o - a wand of flame (20)
 p - a wand of acid (7)
Scrolls
 b - a scroll of fog
 g - 4 scrolls of enchant weapon
 j - a scroll of enchant armour
 k - a scroll of magic mapping
 s - a scroll of immolation
 t - a scroll of brand weapon {unknown}
 u - a scroll of fear {unknown}


   Skills:
 * Level 3.8 Fighting
 + Level 2.5 Maces & Flails
 + Level 2.7 Armour
 + Level 2.3 Dodging
 + Level 1.6 Stealth
 + Level 6.2 Spellcasting
 * Level 7.4 Necromancy


You had 3 spell levels left.
You knew the following spells:

 Your Spells              Type           Power        Failure   Level  Hunger
a - Animate Skeleton      Necr           N/A          1%          1    N/A
b - Vampiric Draining     Necr           ####......   1%          3    N/A
c - Animate Dead          Necr           N/A          6%          4    N/A
d - Corpse Rot            Necr/Air       N/A          4%          2    N/A
e - Agony                 Necr           ####....     16%         5    N/A
s - Pain                  Necr           ####         1%          1    N/A

Your spell library contained the following spells:

 Spells                   Type           Power        Failure   Level  Hunger


Dungeon Overview and Level Annotations

Branches:
Dungeon (7/15)             Temple (0/1) D:5           Sewer (visited)

Altars:
Elyvilon
Fedhas
Gozag
Hepliaklqana
Kikubaaqudgha
Nemelex Xobeh
Okawaru
Qazlal
Trog
Uskayaw
Vehumet
Xom
The Shining One


Innate Abilities, Weirdness & Mutations

You do not eat or drink.
Your flesh is vulnerable to fire.
You are immune to poison.
Your flesh is cold resistant. (rC+)
You are immune to negative energy. (rN+++)
You are immune to unholy pain and torment.
You can survive without breathing.


Message History

The shadow imp summons a swarm of flies.
The shadow imp hits you.
* * * LOW HITPOINT WARNING * * *
The shadow imp barely misses you.
You hit the shadow imp but do no damage.
The shadow imp is almost dead.
The shadow imp barely misses you.
You closely miss the shadow imp.
The shadow imp is almost dead.
The shadow imp hits you.
* * * LOW HITPOINT WARNING * * *
The shadow imp hits you.
* * * LOW HITPOINT WARNING * * *
You can't drink.
Okay, then.
You hit the shadow imp but do no damage.
The shadow imp is almost dead.
The shadow imp hits you.
You die...
Kikubaaqudgha rasps: "You have failed me!
Welcome... oblivion!"

#.Z......#.######............
#.######.#...................
#.Z.##...#...................
###.######..........(........
#.Z.##...#...................
#.######.#...................
#........#...................
####..####.......#########...
#..#.....@....(...........
#.Z#....5.....#####.###.##
#....###........##........
#...## #(#####.......##.#.
########.#####........#.#.
##### #............#...#.#.
#...# #.#.####.####....#.#.
#%..# #.#.# #.........#.#.
#...#####'#.# #####.......#.


You could see a shadow imp.

Vanquished Creatures
  Sigmund (D:3)
  A water moccasin (D:4)
  A sky beast (D:5)
  A centaur (D:6)
  2 bullfrogs (Sewer)
  2 scorpions (D:4)
  A howler monkey (D:5)
  A jelly (D:5)
  2 hounds
  3 iguanas
  5 worker ants
  A worker ant zombie (D:2)
  7 adders
  2 shadow imps (D:2)
  7 oozes
  3 worms
  3 dart slugs
  10 leopard geckos
  3 orcs
  11 ball pythons
  3 bats (D:1)
  8 giant cockroaches
  7 goblins
  11 hobgoblins
  12 jackals
  7 kobolds
  A quokka (D:4)
  12 frilled lizards
  A jackal zombie (D:6)
  A quokka skeleton (D:5)
  A quokka zombie (D:5)
  8 rats
139 creatures vanquished.

Vanquished Creatures (collateral kills)
  An ogre (D:5)
  A howler monkey (D:5)
  A crimson imp (D:5)
  2 bullfrog skeletons
  2 adders
  9 oozes
  An adder skeleton (D:5)
  A dart slug (D:1)
  4 leopard geckos
  2 orcs (D:3)
  9 ball pythons (Sewer)
  A bat (D:3)
  A giant cockroach (Sewer)
  3 goblins
  2 hobgoblins (D:2)
  A jackal (D:4)
  A quokka (D:2)
  7 frilled lizards (Sewer)
  A kobold (D:2)
  2 rats (D:3)
52 creatures vanquished.

Grand Total: 191 creatures vanquished

Notes
Turn   | Place    | Note
-------+----------+-------------------------------------------
     0 | D:1      | BlueFish the Mummy Necromancer began the quest for the Orb.
     0 | D:1      | Reached XP level 1. HP: 13/13 MP: 4/4
    21 | D:1      | Learned a level 1 spell: Animate Skeleton
   104 | D:1      | Reached XP level 2. HP: 9/19 MP: 3/5
   763 | D:1      | Reached XP level 3. HP: 25/25 MP: 1/7
  1269 | D:1      | Learned a level 3 spell: Vampiric Draining
  1285 | D:2      | Reached skill level 1 in Fighting
  1440 | D:2      | Reached skill level 5 in Necromancy
  1533 | D:2      | Reached XP level 4. HP: 21/32 MP: 7/9
  3092 | D:3      | Reached XP level 5. HP: 37/37 MP: 8/10
  3097 | D:3      | Found a blossoming altar of Fedhas.
  3273 | D:3      | Noticed Sigmund
  3290 | D:3      | Killed Sigmund
  3290 | D:3      | Reached skill level 1 in Maces & Flails
  3290 | D:3      | Reached skill level 1 in Armour
  3290 | D:3      | Reached XP level 6. HP: 19/44 MP: 2/12
  3296 | D:3      | Learned a level 4 spell: Animate Dead
  3432 | D:3      | Found a faded altar of an unknown god.
  3509 | D:3      | Found a shimmering altar of Xom.
  3765 | D:4      | Noticed a water moccasin
  3779 | D:4      | Killed a water moccasin
  3950 | D:4      | Reached skill level 6 in Necromancy
  4140 | D:4      | Reached XP level 7. HP: 42/51 MP: 4/14
  4246 | D:4      | Found an opulent altar of Gozag.
  4248 | D:4      | Found an ancient bone altar of Kikubaaqudgha.
  4248 | D:4      | Found an iron altar of Okawaru.
  4278 | D:4      | Found a radiant altar of Vehumet.
  4311 | D:4      | Became a worshipper of Kikubaaqudgha
  4520 | D:5      | Entered Level 5 of the Dungeon
  4662 | D:5      | Reached skill level 5 in Spellcasting
  4801 | D:5      | Got a steaming robe
  5114 | D:5      | Found a bloodstained altar of Trog.
  5120 | D:5      | Got a transparent dagger
  5135 | D:5      | Reached XP level 8. HP: 58/58 MP: 13/16
  5160 | D:5      | Found a hazy altar of Hepliaklqana.
  5211 | D:5      | Found a glowing golden altar of the Shining One.
  5287 | D:5      | Found a staircase to the Ecumenical Temple.
  5457 | D:6      | Found a glowing drain.
  5478 | Sewer    | Entered a sewer
  5496 | Sewer    | Reached * piety under Kikubaaqudgha
  5496 | Sewer    | Identified Kikubaaqudgha's Volume of Unholy Rituals
                  | (Kikubaaqudgha gifted it to you in a sewer)
  5496 | Sewer    | Received a gift from Kikubaaqudgha
  5503 | Sewer    | Learned a level 2 spell: Corpse Rot
  5509 | Sewer    | Learned a level 5 spell: Agony
  5528 | Sewer    | Upgraded the game from 0.25-a0-707-g603da07 to
                  | 0.25-a0-713-g4845790
  5552 | Sewer    | Reached skill level 7 in Necromancy
  5796 | Sewer    | Reached ** piety under Kikubaaqudgha
  6568 | D:6      | Found a sparkling altar of Nemelex Xobeh.
  6568 | D:6      | Found a white marble altar of Elyvilon.
  6568 | D:6      | Found a hide-covered altar of Uskayaw.
  6569 | D:6      | Found a stormy altar of Qazlal.
  6815 | D:6      | Identified the cursed +0 robe of the Poles {*Contam +Fly
                  | Regen+ Dex-3} (You found it on level 5 of the Dungeon)
  6820 | D:6      | Identified the cursed +1 dagger of Qeikh {freeze, rElec rF+
                  | rN+ Str-5 Dex+4} (You found it on level 5 of the Dungeon)
  7158 | D:7      | Lost dexterity.
  7245 | D:6      | HP: 1/60 [shadow imp (4)]
  7246 | D:6      | Slain by a shadow imp

Levels and vault maps discovered:
D:1:      psy_arrival_conway, layout_basic, serial_glass, glass_columns_b,
          glass_columns_b
D:2:      layout_basic, serial_bayou, serial_bayou_lake_a, serial_bayou_shore_a,
          serial_bayou_pond_b, serial_bayou_crossing
D:3:      layout_rooms, lemuel_round_altar, chequers_ecumenical_altar_island,
          first_ration, fedhas_altar_1, uniq_sigmund
D:4:      layout_basic, nicolae_overflow_quartered_altars
D:5:      layout_basic, kennysheep_mini_moat, tso_oasis_becter,
          minmay_temple_entry_poolview, bloody_trog
D:6:      layout_basic, chequers_temple_overflow_statue_of_worship,
          cheibrodos_sewer_entry_bend, bh_walls_and_bars
D:7:      layout_rooms, nicolae_ru_awakened_eye, yredelemnul_altar_generic

Skill      XL: |  1  2  3  4  5  6  7  8 |
---------------+-------------------------+-----
Spellcasting   | 3 4 5 6 |  6.2
Fighting       | 1 2 3 |  3.8
Necromancy     | 5 6 7 |  7.4
Maces & Flails | 1 2 |  2.5
Armour         | 1 2 |  2.7
Dodging        | 2 |  2.3
Stealth        | |  1.6

Action                   |  1- 3 |  4- 6 |  7- 9 || total
-------------------------+-------+-------+-------++-------
Melee: Club              |    11 |       |       ||    11
       Unarmed           |     1 |       |       ||     1
       Whip              |    44 |   255 |   295 ||   594
       Dagger            |       |       |    74 ||    74
 Cast: Pain              |    56 |    41 |    33 ||   130
       Animate Skeleton  |    10 |    23 |     4 ||    37
       Vampiric Draining |       |    15 |    20 ||    35
       Animate Dead      |       |     1 |    15 ||    16
  Use: Scroll            |       |     4 |     5 ||     9
 Stab: Distracted        |       |     1 |       ||     1
       Sleeping          |       |       |     1 ||     1
Armor: Robe              |     3 |       |    73 ||    76
       Ring mail         |    21 |   118 |   122 ||   261
Dodge: Dodged            |    46 |   152 |   294 ||   492

Table legend:
 A = Non-vault XP
 B = Vault XP
 C = Vault XP percentage of total XP
 D = Non-vault monster count
 E = Vault monster count
 F = Vault count percentage of total count
                 A         B        C        D         E       F
            +---------+---------+-------+---------+---------+-------
      Total |    1478 |     556 |  27.3 |     123 |      68 |  35.6
            +---------+---------+-------+---------+---------+-------
        D:1 |      71 |       0 |   0.0 |      28 |       0 |   0.0
        D:2 |     118 |       5 |   4.1 |      35 |       2 |   5.4
        D:3 |      35 |     220 |  86.3 |      20 |       1 |   4.8
        D:4 |     416 |       0 |   0.0 |      13 |       0 |   0.0
        D:5 |     569 |       0 |   0.0 |      18 |       0 |   0.0
        D:6 |     256 |      10 |   3.8 |       8 |       2 |  20.0
        D:7 |      13 |       0 |   0.0 |       1 |       0 |   0.0
      Sewer |       0 |     321 | 100.0 |       0 |      63 | 100.0
            +---------+---------+-------+---------+---------+-------
